 Dungeon Crawl Stone Soup version 0.19.1 (webtiles) character file.

2751 esteth the Conjurer (level 9, 0/45 HPs)
             Began as a Gargoyle Wizard on Dec 16, 2016.
             Was an Initiate of Vehumet.
             Slain by a hill giant
             ... wielding a +0 giant club
              (24 damage)
             ... on level 6 of the Dungeon on Dec 17, 2016.
             The game lasted 00:38:05 (9316 turns).

esteth the Conjurer (Gargoyle Wizard)               Turns: 9316, Time: 00:38:05

Health: 0/45       AC:  7    Str: 11    XL:     9   Next: 68%
Magic:  8/19       EV: 12    Int: 26    God:    Vehumet [......]
Gold:   213        SH:  0    Dex:  8    Spells: 5 memorised, 10 levels left

rFire  . . .     SeeInvis .     p - +3 dagger (venom)
rCold  . . .     Gourm    .     a - +0 robe
rNeg   + . .     Faith    .     (no shield)
rPois  ∞         Spirit   .     b - +0 hat
rElec  +         Reflect  .     (no cloak)
rCorr  .         Harm     .     (no gloves)
MR     .....                    (no boots)
Stlth  ++........               (no amulet)
                                (no ring)
                                n - +4 ring of intelligence

@: no status effects
A: negative energy resistance 1, electricity resistance, unbreathing,
petrification resistance, rot immunity, AC +5
a: Renounce Religion


You were on level 6 of the Dungeon.
You worshipped Vehumet.
Vehumet was noncommittal.
You were not hungry.

You visited 2 branches of the dungeon, and saw 8 of its levels.

You collected 213 gold pieces.

Inventory:

Hand Weapons
 e - a +0 club
 p - a +3 dagger of venom (weapon)
 A - a +2 vampiric rapier
Armour
 a - a +0 robe (worn)
 b - a +0 hat (worn)
 s - a +0 buckler
Jewellery
 n - a +4 ring of intelligence (left hand)
 C - a +3 ring of slaying
 D - a +3 ring of strength
Wands
 h - a wand of flame (33/48)
 u - a wand of slowing (46/48)
 E - a wand of digging (10/24)
Scrolls
 j - a scroll of fear
 k - 3 scrolls of remove curse
 w - a scroll of immolation
 y - a scroll of magic mapping
Potions
 f - 2 potions of brilliance
 g - 4 potions of agility {unknown}
 l - a potion of heal wounds
 m - 3 potions of berserk rage {unknown}
 o - a potion of haste {unknown}
 q - a potion of lignification {unknown}
 r - a potion of might {unknown}
 x - 2 potions of curing {unknown}
 B - 2 potions of flight {unknown}
 F - a potion of resistance {unknown}
Books
 c - a book of Minor Magic

   Spells                             Type                      Level
   a - Magic Dart                     Conjuration                  1
   b - Blink                          Translocation                2
   c - Call Imp                       Summoning                    2
   d - Repel Missiles                 Charms/Air                   2
   e - Slow                           Hexes                        2
   f - Conjure Flame                  Conjuration/Fire             3
   g - Mephitic Cloud                 Conjuration/Poison/Air       3
Comestibles
 d - 2 bread rations
 i - a beef jerky
 t - a meat ration
 z - 4 fruits


   Skills:
 - Level 1.6 Dodging
 - Level 2.1 Stealth
 + Level 6.7 Spellcasting
 + Level 7.2 Conjurations
 - Level 0.8 Summonings
 + Level 4.0 Translocations
 + Level 4.3 Fire Magic
 - Level 3.4 Air Magic
 - Level 4.2 Poison Magic


You had 10 spell levels left.
You knew the following spells:

 Your Spells              Type           Power        Failure   Level  Hunger
a - Magic Dart            Conj           ####         1%          1    None
b - Mephitic Cloud        Conj/Pois/Air  ####....     2%          3    None
c - Conjure Flame         Conj/Fire      #####...     1%          3    None
d - Blink                 Tloc           N/A          1%          2    None
e - Call Imp              Summ           ##......     10%         2    None


Dungeon Overview and Level Annotations

Branches:
Dungeon (7/15)             Temple (1/1) D:6

Altars:
Ashenzari
Cheibriados
Dithmenos
Fedhas
Gozag
Hepliaklqana
Makhleb
Nemelex Xobeh
Okawaru
Qazlal
Ru
Sif Muna
Trog
Uskayaw
Vehumet
Xom
Zin
The Shining One

Shops:
D:6 !

Annotations:
D:6 exclusion: hornet


Innate Abilities, Weirdness & Mutations

You are resistant to torment.
Your stone body is resilient. (AC +5)
You are immune to poison.
You resist negative energy. (rN+)
You are resistant to electric shocks. (rElec)
You can survive without breathing.
You are immune to petrification.
You are immune to rotting.


Message History

The magic dart hits the hill giant.
The hill giant is lightly wounded.
Casting: Magic Dart
Confirm with . or Enter, or press ? or * to list all spells.
Aiming: Magic Dart
Press: ? - help, Shift-Dir - straight line, f/p - hill giant
Aim: a hill giant, wielding a giant club (lightly wounded)
The magic dart hits the hill giant.
The hill giant is lightly wounded.
Casting: Magic Dart
Confirm with . or Enter, or press ? or * to list all spells.
Aiming: Magic Dart
Press: ? - help, Shift-Dir - straight line, f/p - hill giant
Aim: a hill giant, wielding a giant club (flame, lightly wounded)
The magic dart hits the hill giant.
The hill giant is lightly wounded.
The hill giant is engulfed in roaring flames.
The hill giant hits you with a giant club!!
Ouch! That really hurt!
You die...

##### #...# ### #...# #.## #...#
#..# #...## #..#
##....##########..####
#....@C....#...#......
##....##...............
###########..####...........#####
............#####.............###
#######.#........................
####....#..................#.####
......>......................####
.............................#...
.................................


You could see a hill giant.

Vanquished Creatures
  Pikel (D:3)
  A hornet (D:7)
  Sigmund (D:4)
  Menkaure (D:4)
  A water moccasin (D:6)
  2 sky beasts (D:5)
  A black bear (D:7)
  3 slaves (D:4)
  Blork the orc (D:4)
  2 bullfrogs
  4 scorpions
  3 wights (D:6)
  2 howler monkeys (D:4)
  4 crimson imps
  3 hounds
  A centaur skeleton (D:7)
  3 jellies
  A bullfrog skeleton (D:6)
  An orc priest (D:6)
  5 orc wizards
  An iguana (D:5)
  Ijyb (D:3)
  2 worker ants
  A hound skeleton (D:6)
  4 gnolls (D:4)
  A river rat (D:6)
  4 adders
  A shadow imp (D:5)
  An adder skeleton (D:5)
  3 worms
  4 dart slugs
  6 leopard geckos
  19 orcs
  8 bats
  8 giant cockroaches
  17 goblins
  14 hobgoblins
  2 jackals (D:3)
  6 kobolds
  7 quokkas
  3 ball pythons
  4 frilled lizards
  12 rats
170 creatures vanquished.

Notes
Turn   | Place    | Note
-------+----------+-------------------------------------------
     0 | D:1      | esteth the Gargoyle Wizard began the quest for the Orb.
     0 | D:1      | Reached XP level 1. HP: 10/10 MP: 4/4
   301 | D:1      | Reached XP level 2. HP: 15/15 MP: 1/6
   699 | D:1      | Reached skill level 2 in Conjurations
   699 | D:1      | Reached XP level 3. HP: 18/19 MP: 0/8
   808 | D:1      | Learned a level 3 spell: Mephitic Cloud
  1575 | D:2      | Reached skill level 1 in Poison Magic
  1704 | D:2      | Reached XP level 4. HP: 23/24 MP: 6/9
  2454 | D:3      | Reached skill level 1 in Air Magic
  2543 | D:3      | Reached XP level 5. HP: 22/28 MP: 1/10
  2932 | D:3      | Reached skill level 3 in Conjurations
  3332 | D:3      | Found a bloodstained altar of Trog.
  3421 | D:3      | Noticed Ijyb
  3438 | D:3      | Killed Ijyb
  3573 | D:4      | Noticed Blork the orc
  3578 | D:4      | Reached XP level 6. HP: 32/32 MP: 2/12
  3810 | D:4      | Killed Blork the orc
  3946 | D:4      | Learned a level 3 spell: Conjure Flame
  3949 | D:4      | Learned a level 2 spell: Blink
  3952 | D:4      | Learned a level 2 spell: Call Imp
  3981 | D:4      | Noticed Sigmund
  4102 | D:4      | Noticed Menkaure
  4395 | D:4      | Killed Menkaure
  4493 | D:4      | Reached XP level 7. HP: 14/36 MP: 4/14
  4497 | D:4      | Reached skill level 4 in Conjurations
  4778 | D:4      | Found a shimmering altar of Xom.
  5216 | D:4      | Noticed Pikel
  5428 | D:3      | Killed Pikel
  5428 | D:3      | Reached skill level 5 in Spellcasting
  5428 | D:3      | Reached skill level 5 in Conjurations
  5428 | D:3      | Reached XP level 8. HP: 22/41 MP: 3/16
  5746 | D:4      | Killed Sigmund
  5746 | D:4      | Reached skill level 1 in Translocations
  5746 | D:4      | Reached skill level 1 in Fire Magic
  5884 | D:5      | Entered Level 5 of the Dungeon
  5926 | D:5      | Found a shadowy altar of Dithmenos.
  6824 | D:5      | Reached skill level 6 in Conjurations
  7159 | D:6      | Reached XP level 9. HP: 16/45 MP: 4/18
  7320 | D:6      | Found a staircase to the Ecumenical Temple.
  7345 | D:6      | Found a stormy altar of Qazlal.
  7526 | D:6      | Noticed a hand axe
  7527 | D:6      | Found a hide-covered altar of Uskayaw.
  7529 | D:6      | Noticed a dagger
  7529 | Temple   | Entered the Ecumenical Temple
  7659 | D:6      | HP: 2/45 [scorpion/exploding inner flame[the player character] (43)]
  8117 | D:6      | Found Qeffekae's Distillery.
  8240 | D:6      | Found a radiant altar of Vehumet.
  8250 | D:6      | Became a worshipper of Vehumet
  8317 | D:6      | Noticed a hornet
  8816 | D:7      | Killed a hornet
  8816 | D:7      | Reached skill level 7 in Conjurations
  9178 | D:7      | Noticed a hill giant
  9301 | D:6      | HP: 2/45 [hill giant/giant club (30)]
  9316 | D:6      | Slain by a hill giant

Skill      XL: |  1  2  3  4  5  6  7  8  9 |
---------------+----------------------------+-----
Conjurations   | 2 3 5 6 7 |  7.2
Poison Magic   | 1 2 3 4 |  4.2
Air Magic      | 1 2 3 |  3.4
Spellcasting   | 4 5 6 |  6.7
Translocations | 2 4 |  4.0
Fire Magic     | 2 4 |  4.3
Dodging        | |  1.6
Stealth        | |  2.1
Summonings     | |  0.8

Action                   |  1- 3 |  4- 6 |  7- 9 || total
-------------------------+-------+-------+-------++-------
Melee: Unarmed           |    21 |       |       ||    21
       Club              |     2 |       |       ||     2
       Dagger            |     3 |    37 |    35 ||    75
 Cast: Magic Dart        |    88 |   154 |   345 ||   587
       Conjure Flame     |       |     4 |    10 ||    14
       Call Imp          |       |     4 |     2 ||     6
       Mephitic Cloud    |       |     2 |     7 ||     9
       Blink             |       |       |     2 ||     2
Evoke: Wand              |       |       |     1 ||     1
  Use: Scroll            |     1 |     5 |     8 ||    14
       Potion            |       |       |     2 ||     2
 Stab: Sleeping          |     1 |       |       ||     1
  Eat: Chunk             |     2 |     8 |     7 ||    17
       Bread ration      |       |     1 |     1 ||     2
Armor: Robe              |    13 |    19 |    36 ||    68
Dodge: Dodged            |    25 |    36 |    81 ||   142
